 Dungeon Crawl Stone Soup version 0.18-a0-1024-gf1736fb (webtiles) character file.

322 vatarom the Caller (level 6, 0/44 HPs)
             Began as a Mummy Summoner on Jan 7, 2016.
             Was an Initiate of Sif Muna.
             Shot with an arrow by a centaur (5 damage)
             ... on level 4 of the Dungeon.
             The game lasted 00:11:43 (4200 turns).

vatarom the Caller (Mummy Summoner)                 Turns: 4200, Time: 00:11:43

Health: 0/44       AC:  3    Str: 11    XL:     6   Next: 22%
Magic:  3/10       EV: 12    Int: 17    God:    Sif Muna [......]
Gold:   230        SH:  0    Dex: 12    Spells: 4 memorised, 1 level left

rFire  x . .     SeeInvis .     c - +0 dagger (venom)
rCold  + . .     Gourm    .     a - +0 robe
rNeg   + + +     Faith    .     (no shield)
rPois  ∞         Spirit   .     (no helmet)
rElec  .         Dismiss  .     (no cloak)
rCorr  .         Reflect  .     (no gloves)
SustAt .         Harm     .     f - +0 pair of boots
MR     .....                    (no amulet)
Stlth  ++........               (no ring)
                                (no ring)

@: not resistant to hostile enchantments, unstealthy
A: no food or potions, fire vulnerability, cold resistance 1, negative energy
resistance 3, torment resistance, unbreathing
a: Renounce Religion


You were on level 4 of the Dungeon.
You worshipped Sif Muna.
Sif Muna was noncommittal.
You were not hungry.

You visited 2 branches of the dungeon, and saw 5 of its levels.

You collected 230 gold pieces.

Inventory:

Hand Weapons
 c - a +0 dagger of venom (weapon)
Armour
 a - a +0 robe (worn)
 f - a +0 pair of boots (worn)
Scrolls
 d - 2 scrolls of identify
Books
 b - a book of Callings

   Spells                             Type                      Level
   a - Summon Small Mammal            Summoning                    1
   b - Call Imp                       Summoning                    2
   c - Call Canine Familiar           Summoning                    3
   d - Summon Guardian Golem          Hexes/Summoning              3
   e - Summon Lightning Spire         Summoning/Air                4
   f - Summon Ice Beast               Ice/Summoning                4


   Skills:
 - Level 2.2 Fighting
 - Level 1.5 Dodging
 - Level 1.5 Stealth
 - Level 3.2 Spellcasting
 + Level 4.9 Summonings
 + Level 1.7 Ice Magic


You had one spell level left.
You knew the following spells:

 Your Spells              Type           Power        Failure   Level  Hunger
a - Summon Small Mammal   Summ           ###.         2%          1    N/A
b - Call Imp              Summ           ###.....     3%          2    N/A
c - Call Canine Familiar  Summ           ###.....     10%         3    N/A
d - Summon Ice Beast      Ice/Summ       ##......     45%         4    N/A

Dungeon Overview and Level Annotations

Branches:
Dungeon (4/15)             Temple (1/1) D:4

Altars:
Elyvilon
Fedhas
Kikubaaqudgha
Nemelex Xobeh
Pakellas
Qazlal
Ru
Sif Muna
Trog
Vehumet
Xom
Zin
The Shining One


Innate Abilities, Weirdness & Mutations

You do not eat or drink.
Your flesh is vulnerable to fire.
You are immune to poison.
Your flesh is cold resistant.
You are immune to negative energy.
You are immune to unholy pain and torment.
You can survive without breathing.


Message History

w - Wait here. f - Follow me.
Anything else - Stay silent.
Gang up on whom?
Press: ? - help, Dir - move target cursor, f - centaur
Aim: a centaur, wielding a shortbow Attack!
The centaur shoots an arrow.
The arrow closely misses your crimson imp.
The arrow barely misses you.
The centaur shoots an arrow.
The arrow misses your crimson imp. The arrow hits you!
Your white imp disappears in a puff of smoke!
Your crimson imp hits the centaur. x2
The centaur shoots an arrow.
The arrow hits you!
* * * LOW HITPOINT WARNING * * *
Your crimson imp hits the centaur but does no damage.
The centaur unwields an uncursed shortbow.
The centaur barely misses your crimson imp.
Your crimson imp hits the centaur.
The centaur wields an uncursed shortbow.
The centaur shoots an arrow.
The arrow hits you.
You die...

####### #### #.....#
...# ###.#.# .#####
#######...######
......
######...............
..#...
#....((##......######
......
#.5.@......##.##
......
#oc5.#####.##†#
...... #.#### ####.#
...... .) #...##..###
###... ... ##..##...>
...... .. #..##...#
###.## # #..##...#
##.§##...#
#...##...##


You could see a centaur, an orc and 2 friendly crimson imps.

Vanquished Creatures
  A hound (D:4)
  An orc priest (D:4)
  An orc wizard (D:4)
  A worker ant (D:4)
  2 adders (D:4)
  3 worms
  2 giant geckos
  An orc (D:3)
  5 bats
  2 giant cockroaches
  9 goblins
  4 hobgoblins
  A quokka (D:4)
  A giant gecko skeleton (D:4)
  A giant newt (D:2)
  6 kobolds
  6 rats
47 creatures vanquished.

Vanquished Creatures (collateral kills)
  The ghost of vatarom the Sneak, an amateur VSAs of Okawaru (D:3)
  Ijyb (D:2)
  An orc wizard (D:3)
  A worker ant (D:4)
  Robin (D:4)
  An adder (D:2)
  3 worms
  2 giant geckos
  10 orcs
  2 giant cockroaches (D:3)
  11 goblins
  6 hobgoblins
  A quokka (D:3)
  A bat (D:3)
  A giant newt (D:1)
  A jackal skeleton (D:3)
  A rat (D:1)
45 creatures vanquished.

Vanquished Creatures (others)
  A goblin (D:2)
1 creature vanquished.

Grand Total: 93 creatures vanquished

Notes
Turn   | Place    | Note
--------------------------------------------------------------
     0 | D:1      | vatarom the Mummy Summoner began the quest for the Orb.
     0 | D:1      | Reached XP level 1. HP: 13/13 MP: 3/3
   759 | D:1      | Reached skill level 1 in Fighting
   763 | D:1      | Reached XP level 2. HP: 16/21 MP: 5/5
   785 | D:1      | Learned a level 2 spell: Call Imp
  1258 | D:2      | Noticed Ijyb
  1271 | D:2      | Killed Ijyb
  1271 | D:2      | Reached XP level 3. HP: 14/27 MP: 2/6
  1314 | D:2      | Learned a level 3 spell: Call Canine Familiar
  2394 | D:3      | Reached skill level 4 in Summonings
  2394 | D:3      | Reached XP level 4. HP: 11/33 MP: 0/7
  2750 | D:3      | Found a blossoming altar of Fedhas.
  2931 | D:3      | Noticed vatarom's ghost (amateur VSAs)
  2983 | D:3      | Killed vatarom's ghost
  2983 | D:3      | Reached XP level 5. HP: 28/38 MP: 1/9
  2989 | D:3      | Learned a level 4 spell: Summon Ice Beast
  3256 | D:4      | Noticed Robin
  3273 | D:4      | Killed Robin
  3352 | D:4      | Found a white marble altar of Elyvilon.
  3355 | D:4      | Found a radiant altar of Vehumet.
  3355 | D:4      | Found a sparkling altar of Nemelex Xobeh.
  3357 | D:4      | Found a glowing golden altar of the Shining One.
  3357 | D:4      | Found a sacrificial altar of Ru.
  3366 | D:4      | Found a staircase to the Ecumenical Temple.
  3384 | Temple   | Entered the Ecumenical Temple
  3418 | Temple   | Became a worshipper of Sif Muna the Loreminder
  3573 | D:4      | Reached skill level 1 in Ice Magic
  3849 | D:4      | Reached XP level 6. HP: 25/44 MP: 1/10
  4090 | D:4      | Found a shimmering altar of Xom.
  4200 | D:4      | Shot with an arrow by a centaur

Vault maps used:
D:1:      dpeg_arrival_solitude
D:2:      kennysheep_the_goblin_king, hangedman_decor_riveting
D:3:      overflow_temple_1_default
D:4:      grunt_temple_overflow_open, lemuel_coloured_pillars_altar,
          minmay_temple_entry_junction2, minmay_goblin_kobold_house, uniq_robin
Temple:   oiseaux_autumnal_temple_12

Action                   |  1- 3 |  4- 6 || total
-------------------------+-------+-------++-------
Melee: Unarmed           |    20 |       ||    20
       Dagger            |    70 |    84 ||   154
 Cast: Summon Small Mamm |    14 |       ||    14
       Call Imp          |    12 |    23 ||    35
       Call Canine Famil |     2 |     8 ||    10
  Use: Scroll            |     2 |     3 ||     5
 Stab: Sleeping          |     4 |     2 ||     6
       Distracted        |     2 |       ||     2
       Betrayed ally     |       |     1 ||     1
